MLB
HOUSTON ASTROS @ MINNESOTA TWINS
08/07/2045
 
TOP OF THE 1ST
Houston Astros batting - Pitching for Minnesota Twins : LHP Michael Colin
Pitching: LHP Michael Colin
Batting: RHB Chang-wei Jiang 0-0: Foul Ball, location: 2F
0-1: Foul Ball, location: 2F
0-2: SINGLE (Groundball, 56D, EV 98.8 MPH)
Batting: RHB Jeremy Trump 0-0: Ball
1-0: Ball
2-0: Ball
3-0: Called Strike
3-1: Called Strike
3-2: Base on Balls
Chang-wei Jiang to second
Batting: SHB Addick de Vries 0-0: Called Strike
0-1: Ball
1-1: Called Strike
1-2: SINGLE (Line Drive, 4D, EV 96.2 MPH)
Chang-wei Jiang to third
Jeremy Trump to second
Batting: LHB Bryce Hill 0-0: Foul Ball, location: 2F
0-1: Foul Ball, location: 2F
0-2: Strikes out swinging
Batting: SHB Joe Gardner 0-0: Ball
1-0: Swinging Strike
1-1: Called Strike
1-2: Strikes out swinging
Batting: RHB Antonio Aranda 0-0: Ground out 1-3 (Groundball, 34S, EV 73.8 MPH)
Top of the 1st over - 0 runs, 2 hits, 0 errors, 3 left on base; Houston 0 - Minnesota 0
BOTTOM OF THE 1ST
Minnesota Twins batting - Pitching for Houston Astros : RHP Bill Dillard
Pitching: RHP Bill Dillard
Batting: RHB Danny Miramontes 0-0: Foul Ball, location: 2F
0-1: Foul Ball, location: 2F
0-2: Ball
1-2: Foul Ball, location: 2F
1-2: Foul Ball, location: 2F
1-2: Ball
2-2: SOLO HOME RUN (Flyball, 9LD, EV 98.1 MPH), Distance : 352 ft
Batting: LHB Joel Kunkler 0-0: Fly out, F9 (Flyball, 9D, EV 95.0 MPH)
Batting: RHB Hildo Pot 0-0: Ball
1-0: Foul Ball, location: 2F
1-1: Foul Ball, location: 2F
1-2: Fly out, F9 (Flyball, 9, EV 77.5 MPH)
Batting: RHB Matthew Starr 0-0: Ball
1-0: Ball
2-0: Called Strike
2-1: DOUBLE (Flyball, 8RXD, EV 95.6 MPH)
Batting: RHB Jesse Scott 0-0: Ball
1-0: Called Strike
1-1: Foul Ball, location: 2F
1-2: Ball
2-2: Strikes out swinging
Bottom of the 1st over - 1 run, 2 hits, 0 errors, 1 left on base; Houston 0 - Minnesota 1
TOP OF THE 2ND
Houston Astros batting - Pitching for Minnesota Twins : LHP Michael Colin
Batting: RHB Trevor Mock 0-0: Ball
1-0: Ball
2-0: Swinging Strike
2-1: Bunt for hit to 5S - play at first, batter OUT! 5-3
Batting: LHB Jim Keefe 0-0: Ball
1-0: Ball
2-0: Ground out 4-3 (Groundball, 4, EV 80.0 MPH)
Batting: LHB Angelo Vasquez 0-0: SINGLE (Groundball, 4MD, EV 94.4 MPH)
Batting: RHB Chang-wei Jiang 0-0: Ball
1-0: Foul Ball, location: 2F
1-1: Called Strike
1-2: Foul Ball, location: 2F
1-2: Ball
2-2: Foul Ball, location: 2F
2-2: SINGLE (Line Drive, 7S, EV 101.2 MPH)
Angelo Vasquez to second
Batting: RHB Jeremy Trump 0-0: Ball
Wild Pitch!
Angelo Vasquez to third
Chang-wei Jiang to second
1-0: Ball
2-0: Ball
3-0: Called Strike
3-1: Base on Balls
Batting: SHB Addick de Vries 0-0: Foul Ball, location: 2F
0-1: Foul Ball, location: 2F
0-2: Foul Ball, location: 2F
0-2: Ball
1-2: Foul Ball, location: 2F
1-2: Ball
2-2: Ball
3-2: Base on Balls
Angelo Vasquez scores
Chang-wei Jiang to third
Jeremy Trump to second
Batting: LHB Bryce Hill 0-0: Ground out U3 (Groundball, 3, EV 84.4 MPH)
Top of the 2nd over - 1 run, 2 hits, 0 errors, 3 left on base; Houston 1 - Minnesota 1
BOTTOM OF THE 2ND
Minnesota Twins batting - Pitching for Houston Astros : RHP Bill Dillard
Batting: RHB Yonetoshi Muranaka 0-0: Ball
1-0: Swinging Strike
1-1: Ball
2-1: Foul Ball, location: 2F
2-2: Fly out, F9 (Flyball, 9D, EV 102.5 MPH)
Batting: RHB Tony Rivera 0-0: Foul Ball, location: 2F
0-1: SINGLE (Line Drive, 8RS, EV 106.2 MPH)
Batting: RHB Väinö Tapaninen 0-0: Ball
1-0: Called Strike
1-1: Ball
2-1: Swinging Strike
2-2: Foul Ball, location: 2F
2-2: Strikes out swinging
Batting: RHB José Molina 0-0: Ball
1-0: Ball
2-0: Ball
3-0: Called Strike
3-1: Foul Ball, location: 2F
3-2: Ground out 5-3 (Groundball, 56S, EV 80.0 MPH)
Bottom of the 2nd over - 0 runs, 1 hit, 0 errors, 1 left on base; Houston 1 - Minnesota 1
TOP OF THE 3RD
Houston Astros batting - Pitching for Minnesota Twins : LHP Michael Colin
Batting: SHB Joe Gardner 0-0: Foul Ball, location: 2F
0-1: Called Strike
0-2: Foul Ball, location: 2F
0-2: Ball
1-2: Foul Ball, location: 2F
1-2: Foul Ball, location: 2F
1-2: Ground out 6-3 (Groundball, 6, EV 85.6 MPH)
Batting: RHB Antonio Aranda 0-0: Ball
1-0: Ground out 5-3 (Groundball, 5, EV 95.6 MPH)
Batting: RHB Trevor Mock 0-0: Ball
1-0: Ball
2-0: Called Strike
2-1: Ground out 6-3 (Groundball, 6, EV 90.6 MPH)
Top of the 3rd over - 0 runs, 0 hits, 0 errors, 0 left on base; Houston 1 - Minnesota 1
BOTTOM OF THE 3RD
Minnesota Twins batting - Pitching for Houston Astros : RHP Bill Dillard
Batting: RHB Danny Miramontes 0-0: Called Strike
0-1: Ball
1-1: Ball
2-1: Foul Ball, location: 2F
2-2: Foul Ball, location: 2F
2-2: Ball
3-2: Ground out 5-3 (Groundball, 56S, EV 71.9 MPH)
Batting: LHB Joel Kunkler 0-0: Called Strike
0-1: Foul Ball, location: 2F
0-2: SINGLE (Groundball, 4MS, EV 95.0 MPH)
Batting: RHB Hildo Pot 0-0: Called Strike
0-1: Grounds into double play, 6-4-3 (Groundball, 6MD, EV 93.8 MPH)
Bottom of the 3rd over - 0 runs, 1 hit, 0 errors, 0 left on base; Houston 1 - Minnesota 1
TOP OF THE 4TH
Houston Astros batting - Pitching for Minnesota Twins : LHP Michael Colin
Batting: LHB Jim Keefe 0-0: Ball
1-0: Ball
2-0: Foul Ball, location: 2F
2-1: Ball
3-1: Ground out 3-1 (Groundball, 34, EV 79.4 MPH)
Batting: LHB Angelo Vasquez 0-0: Swinging Strike
0-1: Swinging Strike
0-2: Foul Ball, location: 2F
0-2: Ball
1-2: Ball
2-2: Ball
3-2: Foul Ball, location: 2F
3-2: Base on Balls
Batting: RHB Chang-wei Jiang 0-0: Ball
1-0: SINGLE (Groundball, 6MD, EV 101.2 MPH)
Angelo Vasquez to second
Batting: RHB Jeremy Trump 0-0: Swinging Strike
0-1: Ball
1-1: Fly out, F8 (Line Drive, 8RM, EV 105.0 MPH)
Batting: SHB Addick de Vries 0-0: Fielders Choice at 2nd, 6-4 (Groundball, 6, EV 82.5 MPH)
Top of the 4th over - 0 runs, 1 hit, 0 errors, 2 left on base; Houston 1 - Minnesota 1
BOTTOM OF THE 4TH
Minnesota Twins batting - Pitching for Houston Astros : RHP Bill Dillard
Batting: RHB Matthew Starr 0-0: Ball
1-0: Foul Ball, location: 2F
1-1: Ball
2-1: Ball
3-1: Base on Balls
Batting: RHB Jesse Scott 0-0: SINGLE (Line Drive, 78S, EV 109.4 MPH)
Matthew Starr to second
Batting: RHB Yonetoshi Muranaka 0-0: Called Strike
0-1: Hit by Pitch
Matthew Starr to third
Jesse Scott to second
Batting: RHB Tony Rivera 0-0: TRIPLE (Flyball, 9LD, EV 103.1 MPH)
Matthew Starr scores
Jesse Scott scores
Yonetoshi Muranaka scores
Batting: RHB Väinö Tapaninen 0-0: Ball
1-0: Ball
2-0: Swinging Strike
2-1: Swinging Strike
2-2: Foul Ball, location: 2F
2-2: Foul Ball, location: 2F
2-2: Ground out 5-3 (Groundball, 56S, EV 66.2 MPH)
Tony Rivera scores
Batting: RHB José Molina 0-0: Swinging Strike
0-1: Ground out 4-3 (Groundball, 34, EV 101.2 MPH)
Batting: RHB Danny Miramontes 0-0: Foul Ball, location: 2F
0-1: Ball
1-1: Ball
2-1: Foul Ball, location: 2F
2-2: Ball
3-2: Base on Balls
Pitching: RHP Alex Alicea
Batting: LHB Joel Kunkler 0-0: Fly out, F7 (Flyball, 7S, EV 88.8 MPH)
Bottom of the 4th over - 4 runs, 2 hits, 0 errors, 1 left on base; Houston 1 - Minnesota 5
TOP OF THE 5TH
Houston Astros batting - Pitching for Minnesota Twins : LHP Michael Colin
Batting: LHB Bryce Hill 0-0: SINGLE (Line Drive, 9LS, EV 106.2 MPH)
Batting: SHB Joe Gardner 0-0: Called Strike
0-1: Fly out, F3 (Line Drive, 3, EV 71.2 MPH)
Lined into DP, U3 (Line Drive, 3, EV 68.1 MPH)
Batting: RHB Antonio Aranda 0-0: Ball
1-0: Ball
2-0: Ball
3-0: Called Strike
3-1: Base on Balls
Batting: RHB Trevor Mock 0-0: Foul Ball, location: 2F
0-1: Fielders Choice at 2nd, 6-4 (Groundball, 6, EV 101.9 MPH)
Top of the 5th over - 0 runs, 1 hit, 0 errors, 1 left on base; Houston 1 - Minnesota 5
BOTTOM OF THE 5TH
Minnesota Twins batting - Pitching for Houston Astros : RHP Alex Alicea
Batting: RHB Hildo Pot 0-0: Ball
1-0: Ball
2-0: Ball
3-0: Base on Balls
Batting: RHB Matthew Starr 0-0: SINGLE (Groundball, 56D, EV 103.8 MPH)
Hildo Pot to second
Batting: RHB Jesse Scott 0-0: Fly out, F4 (Flyball, 4D, EV 91.2 MPH)
Batting: RHB Yonetoshi Muranaka 0-0: Ball
1-0: Ball
2-0: DOUBLE (Line Drive, 78D, EV 108.8 MPH)
Hildo Pot scores
Matthew Starr to third
Batting: RHB Tony Rivera 0-0: Ground out 4-3 (Groundball, 4S, EV 85.6 MPH)
Matthew Starr scores
Yonetoshi Muranaka to third
Batting: RHB Väinö Tapaninen 0-0: Swinging Strike
0-1: Ball
1-1: Foul Ball, location: 2F
1-2: Ball
2-2: Strikes out swinging
Bottom of the 5th over - 2 runs, 2 hits, 0 errors, 1 left on base; Houston 1 - Minnesota 7
TOP OF THE 6TH
Houston Astros batting - Pitching for Minnesota Twins : LHP Michael Colin
Batting: LHB Jim Keefe 0-0: Swinging Strike
0-1: Ball
1-1: Ball
2-1: Fly out, F9 (Flyball, 9LD, EV 93.1 MPH)
Batting: LHB Angelo Vasquez 0-0: Ball
1-0: Foul Ball, location: 2F
1-1: Ground out 6-3 (Groundball, 6M, EV 102.5 MPH)
Batting: RHB Chang-wei Jiang 0-0: Called Strike
0-1: Foul Ball, location: 2F
0-2: Ball
1-2: Ground out 5-3 (Groundball, 56, EV 91.2 MPH)
Top of the 6th over - 0 runs, 0 hits, 0 errors, 0 left on base; Houston 1 - Minnesota 7
BOTTOM OF THE 6TH
Minnesota Twins batting - Pitching for Houston Astros : RHP Alex Alicea
Batting: RHB José Molina 0-0: Ball
1-0: Ground out 6-3 (Groundball, 56, EV 93.1 MPH)
Batting: RHB Danny Miramontes 0-0: Called Strike
0-1: Ball
1-1: Foul Ball, location: 2F
1-2: Ball
2-2: Foul Ball, location: 2F
2-2: SINGLE (Line Drive, 4M, EV 94.4 MPH)
Batting: LHB Joel Kunkler 0-0: Called Strike
0-1: Grounds into double play, 6-4-3 (Groundball, 6, EV 107.5 MPH)
Bottom of the 6th over - 0 runs, 1 hit, 0 errors, 0 left on base; Houston 1 - Minnesota 7
TOP OF THE 7TH
Houston Astros batting - Pitching for Minnesota Twins : LHP Michael Colin
Pitching: RHP Ryan Bushey
Batting: RHB Jeremy Trump 0-0: SINGLE (Groundball, 56D, EV 106.2 MPH)
Batting: SHB Addick de Vries 0-0: Ball
Jeremy Trump steals 2nd, throwing error, E2
Jeremy Trump to third
1-0: Ball
2-0: Ball
3-0: Base on Balls
Batting: LHB Bryce Hill 0-0: Called Strike
0-1: Swinging Strike
0-2: Strikes out looking
Batting: SHB Joe Gardner 0-0: Ball
1-0: Ball
2-0: Called Strike
2-1: Ball
3-1: Base on Balls
Addick de Vries to second
Batting: RHB Antonio Aranda 0-0: Called Strike
0-1: Ball
1-1: Called Strike
1-2: SINGLE (Groundball, 56S, EV 68.8 MPH) (infield hit)
Jeremy Trump scores
Addick de Vries to third
Joe Gardner to second
Batting: RHB Trevor Mock 0-0: Foul Ball, location: 2F
0-1: Ball
1-1: Called Strike
1-2: Fielders Choice at 2nd, 3-6 (Groundball, 34, EV 88.8 MPH)
Addick de Vries scores
Joe Gardner to third
Batting: LHB Jim Keefe 0-0: Ball
1-0: Ball
2-0: Foul Ball, location: 2F
2-1: Ball
3-1: Base on Balls
Trevor Mock to second
Batting: LHB Angelo Vasquez 0-0: SINGLE (Groundball, 4D, EV 96.2 MPH)
Joe Gardner scores
Trevor Mock to third
Jim Keefe to second
Runner from 3rd tries for Home, SAFE, throw by CF to home
Pitching: RHP Juan Gomez
Batting: RHB Chang-wei Jiang 0-0: Foul Ball, location: 2F
0-1: Ball
1-1: SINGLE (Line Drive, 7LM, EV 108.1 MPH)
Jim Keefe to third
Angelo Vasquez to second
Runner from 3rd tries for Home, SAFE, throw by LF to home
Batting: RHB Jeremy Trump 0-0: Fly out, F8 (Flyball, 8RD, EV 100.6 MPH)
Top of the 7th over - 5 runs, 4 hits, 1 error, 2 left on base; Houston 6 - Minnesota 7
BOTTOM OF THE 7TH
Minnesota Twins batting - Pitching for Houston Astros : RHP Alex Alicea
Batting: RHB Hildo Pot 0-0: Ball
1-0: Ball
2-0: Foul Ball, location: 2F
2-1: Called Strike
2-2: Ground out 6-3 (Groundball, 6, EV 109.4 MPH)
Batting: RHB Matthew Starr 0-0: Foul Ball, location: 2F
0-1: Ball
1-1: Fly out, F7 (Flyball, 7S, EV 74.4 MPH)
Batting: RHB Jesse Scott 0-0: Ball
1-0: Ground out U3 (Groundball, 34S, EV 88.8 MPH)
Bottom of the 7th over - 0 runs, 0 hits, 0 errors, 0 left on base; Houston 6 - Minnesota 7
TOP OF THE 8TH
Houston Astros batting - Pitching for Minnesota Twins : RHP Juan Gomez
Batting: SHB Addick de Vries 0-0: Called Strike
0-1: Ground out 5-3 (Groundball, 56, EV 107.5 MPH)
Batting: LHB Bryce Hill 0-0: Swinging Strike
0-1: Ball
1-1: Foul Ball, location: 2F
1-2: SOLO HOME RUN (Flyball, 89XD, EV 98.1 MPH), Distance : 405 ft
Batting: SHB Joe Gardner 0-0: Ball
1-0: Ball
2-0: Ball
3-0: Called Strike
3-1: Base on Balls
Batting: RHB Antonio Aranda 0-0: Ball
1-0: Ball
2-0: Foul Ball, location: 2F
2-1: SINGLE (Groundball, 6M, EV 98.1 MPH) (infield hit)
Joe Gardner to second
Batting: RHB Trevor Mock 0-0: Bunted foul
0-1: Ball
1-1: Ball
Joe Gardner steals 3rd base
Antonio Aranda to second
2-1: Foul Ball, location: 2F
2-2: Ball
3-2: Foul Ball, location: 2F
3-2: Strikes out swinging
Pitching: LHP Travis Stichter
Batting: LHB Jim Keefe 0-0: Ball
1-0: Ball
2-0: Ball
3-0: Called Strike
3-1: Called Strike
3-2: Foul Ball, location: 2F
3-2: Base on Balls
Pinch Hitting: RHB Matt Thompson 0-0: Ball
1-0: Called Strike
1-1: Called Strike
1-2: Strikes out looking
Top of the 8th over - 1 run, 2 hits, 0 errors, 3 left on base; Houston 7 - Minnesota 7
BOTTOM OF THE 8TH
Minnesota Twins batting - Pitching for Houston Astros : RHP Alex Alicea
Now at 1B: Matt Thompson
Batting: RHB Yonetoshi Muranaka 0-0: Ball
1-0: Ground out 6-3 (Groundball, 6M, EV 105.6 MPH)
Batting: RHB Tony Rivera 0-0: DOUBLE (Flyball, 89D, EV 90.6 MPH)
Batting: RHB Väinö Tapaninen 0-0: Ball
1-0: Ball
2-0: Swinging Strike
2-1: Ground out 5-3 (Groundball, 56, EV 98.8 MPH)
Batting: RHB José Molina 0-0: Ball
1-0: Ball
2-0: Called Strike
2-1: Ball
3-1: Called Strike
3-2: Foul Ball, location: 2F
3-2: Ground out 5-3 (Groundball, 56, EV 90.6 MPH)
Bottom of the 8th over - 0 runs, 1 hit, 0 errors, 1 left on base; Houston 7 - Minnesota 7
TOP OF THE 9TH
Houston Astros batting - Pitching for Minnesota Twins : LHP Travis Stichter
Pitching: LHP Jim Storer
Batting: RHB Chang-wei Jiang 0-0: Called Strike
0-1: Ball
1-1: Swinging Strike
1-2: Ball
2-2: Strikes out swinging
Batting: RHB Jeremy Trump 0-0: Ball
1-0: Called Strike
1-1: Swinging Strike
1-2: Strikes out swinging
Batting: SHB Addick de Vries 0-0: Ground out 5-3 (Groundball, 5S, EV 91.9 MPH)
Top of the 9th over - 0 runs, 0 hits, 0 errors, 0 left on base; Houston 7 - Minnesota 7
BOTTOM OF THE 9TH
Minnesota Twins batting - Pitching for Houston Astros : RHP Alex Alicea
Pitching: RHP Kyle McPeak
Batting: RHB Danny Miramontes 0-0: Ball
1-0: Ball
2-0: Ball
3-0: Base on Balls
Batting: LHB Joel Kunkler 0-0: Ball
1-0: Ball
2-0: Called Strike
2-1: SINGLE (Groundball, 4D, EV 96.2 MPH)
Danny Miramontes to second
Runner from 2nd tries for 3rd, SAFE, throw by RF made to third
Batting: RHB Hildo Pot 0-0: Fly out, F6 (Line Drive, 6, EV 71.9 MPH)
Lined into DP, 6-5 (Line Drive, 6, EV 68.8 MPH)
Batting: RHB Matthew Starr 0-0: Ball
1-0: Foul Ball, location: 2F
1-1: Called Strike
1-2: Foul Ball, location: 2F
1-2: Foul Ball, location: 2F
1-2: Strikes out swinging
Bottom of the 9th over - 0 runs, 1 hit, 0 errors, 1 left on base; Houston 7 - Minnesota 7
TOP OF THE 10TH
Houston Astros batting - Pitching for Minnesota Twins : LHP Jim Storer
Batting: LHB Bryce Hill 0-0: Called Strike
0-1: Called Strike
0-2: Ball
1-2: Strikes out swinging
Batting: SHB Joe Gardner 0-0: Ball
1-0: SINGLE (Flyball, 4D, EV 96.2 MPH)
Batting: RHB Antonio Aranda 0-0: Ball
1-0: Ball
2-0: Ball
3-0: Called Strike
3-1: Foul Ball, location: 2F
3-2: Base on Balls
Joe Gardner to second
Batting: RHB Trevor Mock 0-0: Ball
Joe Gardner steals 3rd base
Antonio Aranda to second
1-0: Swinging Strike
1-1: Foul Ball, location: 2F
1-2: Ball
2-2: SINGLE (Line Drive, 5D, EV 96.9 MPH)
Joe Gardner scores
Antonio Aranda to third
Batting: LHB Jim Keefe 0-0: Foul Ball, location: 2F
0-1: Ball
1-1: Foul Ball, location: 2F
1-2: Ball
2-2: Grounds into double play, 6-4-3 (Groundball, 56, EV 80.6 MPH)
Top of the 10th over - 1 run, 2 hits, 0 errors, 1 left on base; Houston 8 - Minnesota 7
BOTTOM OF THE 10TH
Minnesota Twins batting - Pitching for Houston Astros : RHP Kyle McPeak
Pitching: RHP Seth Bowersox
Batting: RHB Jesse Scott 0-0: Swinging Strike
0-1: Swinging Strike
0-2: Ball
1-2: Ball
2-2: Ball
3-2: Strikes out swinging
Pinch Hitting: LHB Gerardo Flores 0-0: Called Strike
0-1: SINGLE (Groundball, 34S, EV 89.4 MPH) (infield hit)
Batting: RHB Tony Rivera 0-0: Called Strike
0-1: Foul Ball, location: 2F
0-2: Grounds into double play, 6-4-3 (Groundball, 6, EV 88.1 MPH)
Bottom of the 10th over - 0 runs, 1 hit, 0 errors, 0 left on base; Houston 8 - Minnesota 7
Wednesday, June 22nd , 2022 - OOTP Baseball 23.4 Build 64